 Dungeon Crawl Stone Soup version 0.18-a0-1481-g708b138 (webtiles) character file.

188 Foomius the Chopper (level 5, 0/38 HPs)
             Began as a Demonspawn Gladiator on Mar 1, 2016.
             Succumbed to an adder's poison
             ... on level 3 of the Dungeon on Mar 2, 2016.
             The game lasted 00:12:57 (3007 turns).

Foomius the Chopper (Demonspawn Gladiator)          Turns: 3007, Time: 00:12:57

Health: 0/38       AC:  8    Str: 18 (21) XL:     5   Next: 39%
Magic:  5/5        EV: 16    Int:  9 (10) God:
Gold:   237        SH:  0    Dex: 16 (18) Spells: 0 memorised, 4 levels left

rFire  . . .     SeeInvis .     a - +0 war axe
rCold  . . .     Gourm    .     p - +0 scale mail
rNeg   . . .     Faith    .     (no shield)
rPois  .         Spirit   .     c - +0 helmet
rElec  .         Dismiss  .     (no cloak)
rCorr  .         Reflect  .     (no gloves)
SustAt .         Harm     .     n - +0 pair of boots
MR     .....                    (no amulet)
Stlth  ++........               (no ring)
                                (no ring)

@: mighty, agile, lethally poisoned (0 -> -7), not resistant to hostile
enchantments, unstealthy
A: nightstalker 1, rot immunity
a: no special abilities


You were on level 3 of the Dungeon.
You were not hungry.

You visited 1 branch of the dungeon, and saw 3 of its levels.

You collected 237 gold pieces.

Inventory:

Hand Weapons
 a - a +0 war axe (weapon)
Missiles
 d - 3 throwing nets
 e - 38 sling bullets
 h - 5 javelins (quivered)
Armour
 c - a +0 helmet (worn)
 n - a +0 pair of boots (worn)
 p - a +0 scale mail (worn)
Jewellery
 t - an uncursed ring of ice
Scrolls
 j - 2 scrolls of remove curse {unknown}
 k - a scroll of enchant armour {unknown}
 l - 6 scrolls of identify {unknown}
 m - a scroll of teleportation {unknown}
Potions
 r - 3 potions of might
Comestibles
 f - 3 bread rations
 g - 7 fruits
 i - a slice of pizza
 o - 2 meat rations
 q - a royal jelly
 s - 2 chunks of flesh


   Skills:
 - Level 2.0 Fighting
 + Level 5.6 Axes
 - Level 1.7 Throwing
 - Level 2.6 Dodging


You had 4 spell levels left.
You didn't know any spells.

Dungeon Overview and Level Annotations

Branches:
Dungeon (3/15)

Altars:
Yredelemnul


Innate Abilities, Weirdness & Mutations

You are slightly more attuned to the shadows.
You are immune to rotting.


Message History

* * * LOW HITPOINT WARNING * * *
You feel sick. The quokka barely misses you.
You slash the quokka!
You kill the quokka!
* * * LOW HITPOINT WARNING * * *
You feel sick.
* * * LOW HITPOINT WARNING * * *
You feel sick.
You see here an adder corpse.
* * * LOW HITPOINT WARNING * * *
You feel sick.
You see here a javelin.
* * * LOW HITPOINT WARNING * * *
You feel sick.
You see here a javelin.
* * * LOW HITPOINT WARNING * * *
You feel sick.
* * * LOW HITPOINT WARNING * * *
You feel sick.
You die...

.# ####### .# .# .#
.# .##########
..........#
#########.#########.#
#.†((...@...#
#############


There were no monsters in sight!

Vanquished Creatures
  8 adders
  An ooze (D:1)
  5 worms
  2 dart slugs
  4 giant geckos
  6 orcs
  9 bats
  4 giant cockroaches
  8 goblins
  3 hobgoblins
  10 jackals
  2 quokkas
  4 giant newts
  9 kobolds
  6 rats
  A plant (D:2)
82 creatures vanquished.

Vanquished Creatures (others)
  A goblin (D:3)
1 creature vanquished.

Grand Total: 83 creatures vanquished

Notes
Turn   | Place    | Note
--------------------------------------------------------------
     0 | D:1      | Foomius the Demonspawn Gladiator began the quest for the Orb.
     0 | D:1      | Reached XP level 1. HP: 16/16 MP: 1/1
    66 | D:1      | Reached skill level 3 in Axes
    71 | D:1      | Gained mutation: You are slightly more attuned to the shadows. [demonic ancestry]
    71 | D:1      | Reached XP level 2. HP: 13/22 MP: 2/2
   497 | D:1      | Gained mutation: You are immune to rotting. [demonic ancestry]
   497 | D:1      | Reached XP level 3. HP: 19/27 MP: 3/3
   730 | D:2      | Reached skill level 4 in Axes
  1081 | D:2      | Reached XP level 4. HP: 28/33 MP: 4/4
  1629 | D:2      | Upgraded the game from 0.18-a0-1468-gaf180a1 to 0.18-a0-1481-g708b138
  1719 | D:2      | Reached skill level 5 in Axes
  2305 | D:3      | Reached XP level 5. HP: 34/38 MP: 5/5
  2518 | D:3      | Noticed an orc warrior
  2855 | D:3      | Found a basalt altar of Yredelemnul.
  3006 | D:3      | HP: 1/38 [poisoned by an adder]
  3007 | D:3      | Succumbed to an adder's poison

Vault maps used:
D:1:      sevenhm_arrival_forest_fort_small_1
D:2:      first_bread, serial_forest, infiniplex_forest_clump_medium,
          infiniplex_forest_straight_2, infiniplex_forest_lined_3_way,
          infiniplex_forest_end_2, infiniplex_forest_corner_1,
          infiniplex_forest_clump_large, infiniplex_forest_lined_3,
          infiniplex_forest_straight_3, lexackson_kobold_supper
D:3:      yredelemnul_altar_generic

Skill      XL: |  1  2  3  4 |
---------------+-------------+-----
Axes           | 3 4 5 |  5.6
Fighting       | |  2.0
Throwing       | |  1.7
Dodging        | |  2.6

Action                   |  1- 3 |  4- 6 || total
-------------------------+-------+-------++-------
Melee: War axe           |    99 |   134 ||   233
Throw: Stone             |    30 |    28 ||    58
       Javelin           |       |    10 ||    10
Evoke: Wand              |       |    11 ||    11
  Use: Potion            |       |     3 ||     3
 Stab: Sleeping          |     2 |     2 ||     4
  Eat: Chunk             |     1 |     6 ||     7
